 Dungeon Crawl Stone Soup version 0.14-a0-2443-g5aee772 (webtiles) character file.

2313 Gorice the Frost Mage (level 9, -1/52 HPs)
             Began as a Deep Elf Ice Elementalist on Feb 4, 2014.
             Was an Initiate of Sif Muna.
             Shot with a poisoned sling bullet by Joseph (9 damage)
             ... on Level 7 of the Dungeon on Feb 5, 2014.
             The game lasted 00:57:34 (5923 turns).

Gorice the Frost Mage (Deep Elf Ice Elementalist)   Turns: 5923, Time: 00:57:34

HP  -1/52        AC 10     Str  6      XL: 9   Next:  4%
MP  26/28        EV  8     Int 28      God: Sif Muna [......]
Gold 265         SH  0     Dex 15      Spells:  3 memorised, 19 levels left

rFire  + . .     SeeInvis .     v - +2 orc dagger (venom)
rCold  + . .     Clarity  .     A - +5 ring mail "Wuma Sma" {Int+3 Stlth+}
rNeg   . . .     Conserve .     (no shield)
rPois  +         rCorr    .     (no helmet)
rElec  +         rRot     .     i - -2 cloak (curse)
SustAb . .       Spirit   .     L - +0 pair of gloves
rMut   .         Warding  .     (no boots)
Saprov . . .     Stasis   .     (no amulet)
MR     .....                    x - +2 ring of intelligence
                                g - cursed ring of poison resistance

@: drained, not resistant to hostile enchantments, fairly stealthy
A: no striking features
a: Renounce Religion


You were on level 7 of the Dungeon.
You worshipped Sif Muna.
Sif Muna was noncommittal.
You were not hungry.

You visited 2 branches of the dungeon, and saw 8 of its levels.

You collected 265 gold pieces.

Inventory:

Hand weapons
 a - a +2,+1 elven whip of freezing
 b - a +0,+0 sling
 v - a +2,+2 orcish dagger of venom (weapon)
 B - a +1 blowgun
Missiles
 o - 30 poisoned needles
 p - 20 sling bullets
 J - 4 curare-tipped needles
 K - 3 tomahawks (quivered)
Armour
 i - a cursed -2 cloak (worn)
 A - the +5 ring mail "Wuma Sma" (worn) {Int+3 Stlth+}
   (You found it on level 5 of the Dungeon)

   It affects your intelligence (+3).
   It makes you much more stealthy.
 L - a +0 pair of gloves (worn)
Magical devices
 F - a wand of lightning (0)
Comestibles
 c - 4 bread rations
 D - an apple
 H - a pear
 P - a rotting chunk of rat flesh
Jewellery
 g - a cursed ring of poison resistance (left hand)
 x - a +2 ring of intelligence (right hand)
 M - an uncursed ring of protection from fire {unknown}
Potions
 e - a potion of heal wounds
 q - a potion of agility
 w - a potion of might
 E - 2 potions of curing


   Skills:
 + Level 4.7(3.6) Fighting
 - Level 2.4(1.3) Dodging
 - Level 2.4(1.3) Stealth
 + Level 8.1(6.9) Spellcasting
 + Level 5.7(4.5) Conjurations
 + Level 8.1(6.9) Ice Magic


You had 19 spell levels left.
You knew the following spells:

 Your Spells              Type           Power        Failure   Level  Hunger
a - Freeze                Ice            ####         1%          1    None
b - Throw Frost           Conj/Ice       #####.       2%          2    None
c - Searing Ray           Conj           #####.       4%          2    None


Dungeon Overview and Level Annotations

Branches:
Dungeon (7/16)             Temple (1/1) D:6

Altars:
Ashenzari
Cheibriados
Elyvilon
Fedhas
Kikubaaqudgha
Makhleb
Nemelex Xobeh
Okawaru
Sif Muna
Trog
Vehumet
Xom
Yredelemnul
Zin

Shops:
D:6 *

Annotations:
D:3 wojtek's ghost, average KoAs
D:6 pUX
D:7 Joseph


Message History

Joseph is heavily wounded.
F - a wand of lightning {zapped: 1} You hear a shout!
You hear a croak.
Joseph hits you but does no damage.
Joseph looks more healthy.
Joseph unwields an uncursed runed quarterstaff.
Joseph wields a sling.
Joseph shoots a poisoned sling bullet.
The poisoned sling bullet hits you!
* * * LOW HITPOINT WARNING * * *
You see here a poisoned sling bullet.
Evoke which item? (* to show all) (? for menu, Esc to quit)
Zapping:
F - a wand of lightning {zapped: 1}
Press: ? - help, Shift-Dir - straight line, p - Joseph You hear a mighty clap of thunder!
The bolt of lightning misses Joseph.
The bolt of lightning hits Joseph.
Joseph is severely wounded.
Joseph shouts, "Return immediately or I'll kill you!"
Joseph shoots a poisoned sling bullet.
The poisoned sling bullet hits you!
You die...

........................>.>.#....
####.##.....................#....
####.##.#...................#....
......................[.....##.#.
####.##.#...................##.#.
####.##.#...................##.#.
..# . #.####.###.................
..# ..# #.# #.................
..# ..# # #@................ ###
..####.###(.........#...... #
.........@................. .
..####.###..........#...... .. #
#........ #...... .. .........
#...... . ##...... #...... .....
#...... .... .......


You could see Joseph.

Vanquished Creatures
  Grinder (D:3)
  Prince Ribbit (D:4)
  Edmund (D:4)
  Menkaure (D:5)
  A sky beast (D:6)
  An ice beast (D:5)
  2 phantoms
  Sigmund (D:7)
  Blork the orc (D:7)
  3 giant frogs
  2 jellies (D:5)
  A hound (D:5)
  2 crimson imps (D:3)
  2 orc priests (D:4)
  A scorpion (D:4)
  Crazy Yiuf (D:5)
  A giant frog skeleton (D:4)
  6 worker ants
  Natasha (thrice) (D:3)
  An orc wizard (D:5)
  Ijyb (D:3)
  Terence (D:2)
  9 adders
  4 worms
  A giant mite (D:5)
  2 ufetubi (D:3)
  2 orc zombies (D:6)
  A giant gecko (D:2)
  2 oozes (D:3)
  18 orcs
  A ball python (D:3)
  A giant cockroach (D:2)
  13 goblins
  10 hobgoblins
  3 jackals (D:5)
  12 kobolds
  4 quokkas (D:2)
  10 bats
  7 giant newts
  13 rats
  A rat zombie (D:7)
149 creatures vanquished.

Notes
Turn   | Place    | Note
--------------------------------------------------------------
     0 | D:1      | Gorice, the Deep Elf Ice Elementalist, began the quest for the Orb.
     0 | D:1      | Reached XP level 1. HP: 10/10 MP: 5/5
    18 | D:1      | Noticed a shark
   290 | D:1      | Reached XP level 2. HP: 14/16 MP: 6/8
   693 | D:2      | Found a radiant altar of Vehumet.
   693 | D:2      | Found a snail-covered altar of Cheibriados.
   693 | D:2      | Found a shimmering altar of Xom.
   763 | D:2      | Reached skill level 4 in Ice Magic
   763 | D:2      | Reached XP level 3. HP: 13/20 MP: 6/11
   889 | D:2      | Reached skill level 1 in Fighting
  1463 | D:2      | Reached XP level 4. HP: 12/25 MP: 11/14
  1652 | D:2      | Learned a level 2 spell: Throw Frost
  1676 | D:3      | Noticed Natasha
  1730 | D:3      | Killed Natasha
  1817 | D:3      | Noticed Terence
  2013 | D:2      | Killed Terence
  2013 | D:2      | Reached skill level 5 in Ice Magic
  2050 | D:3      | Reached XP level 5. HP: 23/29 MP: 14/18
  2066 | D:3      | Noticed wojtek's ghost (average KoAs)
  2391 | D:3      | Noticed Ijyb
  2404 | D:3      | Killed Ijyb
  2470 | D:3      | Noticed Natasha
  2637 | D:3      | Killed Natasha
  2748 | D:3      | Noticed a giant frog
  2756 | D:3      | Killed a giant frog
  2779 | D:3      | Noticed Natasha
  2864 | D:3      | Killed Natasha
  2962 | D:3      | Noticed Grinder
  2963 | D:3      | Paralysed by Grinder for 7 turns
  2973 | D:3      | Paralysed by Grinder for 3 turns
  2993 | D:2      | Learned a level 2 spell: Searing Ray
  3145 | D:3      | Reached XP level 6. HP: 16/35 MP: 8/20
  3260 | D:3      | HP: 1/35 [Grinder (3)]
  3271 | D:3      | Killed Grinder
  3271 | D:3      | Reached skill level 5 in Spellcasting
  3271 | D:3      | Reached skill level 6 in Ice Magic
  3490 | D:3      | Upgraded the game from 0.14-a0-2432-g6b3afca to 0.14-a0-2443-g5aee772
  3509 | D:4      | Reached XP level 7. HP: 40/40 MP: 14/22
  3539 | D:4      | Noticed Prince Ribbit
  3559 | D:4      | Killed Prince Ribbit
  3812 | D:4      | Noticed Edmund
  3868 | D:4      | Killed Edmund
  4136 | D:4      | Reached skill level 7 in Ice Magic
  4136 | D:4      | Reached XP level 8. HP: 39/46 MP: 17/25
  4177 | D:5      | Entered Level 5 of the Dungeon
  4244 | D:5      | Found a radiant altar of Vehumet.
  4375 | D:5      | Noticed Menkaure
  4384 | D:5      | Killed Menkaure
  4440 | D:5      | Got a pitted ring mail
  4752 | D:5      | Reached skill level 5 in Conjurations
  4858 | D:5      | Got a jewelled battleaxe
  4867 | D:5      | Identified the +4,+10 battleaxe of the Middle {pain, +Blink rF+} (You found it on level 5 of the Dungeon)
  4957 | D:5      | Identified the +5 ring mail "Wuma Sma" {Int+3 Stlth+} (You found it on level 5 of the Dungeon)
  5024 | D:5      | Noticed Crazy Yiuf
  5027 | D:5      | Killed Crazy Yiuf
  5358 | D:6      | Found a staircase to the Ecumenical Temple.
  5416 | D:6      | Found Kaer's General Store.
  5486 | D:7      | Noticed Sigmund
  5505 | D:7      | Killed Sigmund
  5578 | D:7      | Noticed Blork the orc
  5584 | D:7      | Killed Blork the orc
  5642 | D:7      | Reached skill level 8 in Spellcasting
  5642 | D:7      | Reached XP level 9. HP: 35/52 MP: 23/28
  5698 | Temple   | Entered the Ecumenical Temple
  5740 | Temple   | Became a worshipper of Sif Muna the Loreminder
  5909 | D:7      | Noticed Joseph
  5923 | D:7      | Shot with a poisoned sling bullet by Joseph

Action                   |  1- 3 |  4- 6 |  7- 9 || total
-------------------------+-------+-------+-------++-------
Melee: Unarmed           |     1 |       |       ||     1
       Whip              |    41 |    44 |    51 ||   136
       Dagger            |       |       |    21 ||    21
Throw: Dart              |     3 |     1 |       ||     4
       Tomahawk          |       |     6 |     4 ||    10
 Cast: Freeze            |    46 |    67 |    39 ||   152
       Throw Frost       |       |    17 |    10 ||    27
       Searing Ray       |       |     4 |    35 ||    39
Evoke: Wand              |       |       |     2 ||     2
  Use: Scroll            |     9 |     8 |     7 ||    24
       Potion            |       |     1 |     2 ||     3
 Stab: Sleeping          |     2 |     1 |     2 ||     5
       Distracted        |       |       |     1 ||     1
